 Dungeon Crawl Stone Soup version 0.27.0-1-g7a089689b8 (webtiles) character file.

Game seed: 17350381717234538241

57639 Anothat the Blocker (level 14, -4/151 HPs)
             Began as a Gnoll Fighter on Aug 1, 2021.
             Was the Champion of Hepliaklqana.
             Slain by an ogre (12 damage)
             ... on level 1 of the Orcish Mines.
             The game lasted 00:48:17 (17726 turns).

Anothat the Blocker (Gnoll Fighter)                Turns: 17726, Time: 00:48:17

Health: -4/151     AC: 22    Str: 21    XL:     14   Next: 87%
Magic:  27/27      EV:  9    Int:  8    God:    Hepliaklqana [******]
Gold:   553        SH: 12    Dex: 11    Spells: 32/32 levels left

rFire    . . .     SeeInvis +   a - +1 long sword (flame)
rCold    . . .     Faith    .   c - +0 kite shield
rNeg     . . .     Spirit   .   j - +1 plate armour
rPois    .         Reflect  .   U - +1 helmet {SInv}
rElec    .         Harm     .   (no cloak)
rCorr    .         Rampage  .   (no gloves)
Will     ++...                  X - +2 pair of boots
Stlth    ..........             h - amulet of regeneration
HPRegen  1.35/turn              P - ring of willpower
MPRegen  0.20/turn              Y - +4 ring of slaying

@: berserking, very slightly contaminated, invisible (expiring), very quick
A: reduced essence, fangs 1, strong nose, distributed training
a: Renounce Religion, Recall Ancestor, Ancestor Identity, Transference, Idealise


You were on level 1 of the Orcish Mines.
You worshipped Hepliaklqana.
Hepliaklqana was exalted by your worship.
You visited 3 branches of the dungeon, and saw 19 of its levels.

You collected 1769 gold pieces.
You spent 1216 gold pieces at shops.

Inventory:

Hand Weapons
 a - a +1 long sword of flaming (weapon)
 y - the +3 mace of Qerowne {vamp, rC+ Int+6}
   (You found it on level 8 of the Dungeon)

   It occasionally heals its wielder for a portion of the damage dealt when it
   wounds a living foe.
   Int:       It affects your intelligence (+6).
   rC:        It protects you from cold.
 N - the +7 hand crossbow of Blood {flame, Dex+4}
   (You found it on level 3 of the Lair of Beasts)

   Any ammunition fired from it burns those it strikes, dealing additional fire
   damage.
   Dex:       It affects your dexterity (+4).
Missiles
 A - 2 throwing nets (quivered)
 O - 36 bolts
Armour
 b - a +0 scale mail
 c - a +0 kite shield (worn)
 j - a +1 plate armour (worn)
 k - a +0 chain mail
 q - a +2 hat
 v - a +0 pair of boots
 U - a +1 helmet of see invisible (worn)
 X - a +2 pair of boots (worn)
Jewellery
 h - an amulet of regeneration (around neck)
 s - a ring of magical power
 t - a ring of ice
 G - a ring of ice
 I - an amulet of guardian spirit
 P - a ring of willpower (left hand)
 S - a ring of fire
 W - a +6 ring of intelligence
 Y - a +4 ring of slaying (right hand)
Wands
 n - a wand of flame (62)
 o - a wand of mindburst (5)
 p - a wand of paralysis (20)
 C - a wand of iceblast (23)
 E - a wand of digging (1)
 R - a wand of acid (16)
Scrolls
 e - 3 scrolls of teleportation
 f - 5 scrolls of identify
 i - a scroll of fog
 x - 2 scrolls of amnesia
 z - a scroll of magic mapping
 B - 2 scrolls of brand weapon
 J - 2 scrolls of enchant armour
Potions
 d - 3 potions of lignification
 g - 5 potions of mutation
 l - 2 potions of ambrosia
 m - a potion of flight
 r - 5 potions of degeneration
 u - 3 potions of brilliance
 w - a potion of berserk rage
 F - a potion of resistance
 H - a potion of haste
 L - 2 potions of cancellation
 M - 2 potions of magic
 Q - 2 potions of curing
 T - a potion of attraction


   Skills:
 + Level 11.4 Fighting
 + Level 9.5 Short Blades
 + Level 10.5 Long Blades
 + Level 9.5 Axes
 + Level 9.5 Maces & Flails
 + Level 9.5 Polearms
 + Level 9.5 Staves
 + Level 9.5 Slings
 + Level 9.5 Bows
 + Level 9.5 Crossbows
 + Level 9.5 Throwing
 + Level 11.4 Armour
 + Level 9.5 Dodging
 + Level 9.5 Stealth
 + Level 11.4 Shields
 + Level 9.5 Unarmed Combat
 + Level 9.5 Spellcasting
 + Level 8.0 Conjurations
 + Level 8.0 Hexes
 + Level 8.0 Summonings
 + Level 8.0 Necromancy
 + Level 8.0 Translocations
 + Level 8.0 Transmutations
 + Level 8.0 Fire Magic
 + Level 8.0 Ice Magic
 + Level 8.0 Air Magic
 + Level 8.0 Earth Magic
 + Level 8.0 Poison Magic
 + Level 10.4 Invocations
 + Level 9.5 Evocations


You had 32 spell levels left.
You didn't know any spells.
Your spell library contained the following spells:

 Spells                   Type           Power      Damage    Failure   Level
 Animate Skeleton         Necr           32%        N/A       13%         1
 Apportation              Tloc           32%        N/A       13%         1
 Corona                   Hex            17%        N/A       13%         1
 Pain                     Necr           64%        1d7       13%         1
 Ensorcelled Hibernation  Hex/Ice        32%        N/A       21%         2
 Sublimation of Blood     Necr           8%         N/A       21%         2
 Call Canine Familiar     Summ           16%        N/A       36%         3
 Conjure Flame            Conj/Fire      16%        6-21      36%         3
 Ignite Poison            Fire/Tmut/Pois 16%        N/A       36%         3
 Portal Projectile        Hex/Tloc       32%        N/A       36%         3
 Stone Arrow              Conj/Erth      32%        3d9       36%         3
 Tukima's Dance           Hex            16%        N/A       36%         3
 Vampiric Draining        Necr           8%         2d7       36%         3
 Animate Dead             Necr           8%         N/A       78%         4
 Fulminant Prism          Conj/Hex       8%         3d7       78%         4
 Iskenderun's Mystic Bla  Conj/Tloc      16%        2d5       78%         4
 Leda's Liquefaction      Hex/Erth       8%         N/A       78%         4
 Petrify                  Tmut/Erth      16%        N/A       78%         4
 Sticky Flame             Conj/Fire      16%        2d4       78%         4
 Alistair's Intoxication  Tmut/Pois      10%        N/A       98%         5
 Bolt of Magma            Conj/Fire/Erth 8%         4d6       98%         5
 Borgnjor's Vile Clutch   Necr/Erth      8%         N/A       98%         5
 Irradiate                Conj/Tmut      8%         3d16      98%         5
 Lee's Rapid Deconstruct  Erth           8%         3d8*      98%         5
 Summon Forest            Summ/Tloc      8%         N/A       98%         5
 Summon Mana Viper        Hex/Summ       16%        N/A       98%         5
 Death Channel            Necr           8%         N/A       100%        6
 Invisibility             Hex            8%         N/A       100%        6
 Shadow Creatures         Summ           N/A        N/A       100%        6
 Shatter                  Erth           8%         3d10*     100%        9


Dungeon Overview and Level Annotations

Branches:
Dungeon (11/15)            Temple (0/1) D:7            Lair (6/6) D:10
  Swamp (0/4) Lair:3       Spider (0/4) Lair:3        Slime (0/5) Lair:5
    Orc (2/2) D:11
    Elf: Orc:2

Altars:
Dithmenos
Gozag
Hepliaklqana
Kikubaaqudgha
Makhleb
Nemelex Xobeh
Qazlal
Trog
Wu Jian
Zin
The Shining One
Beogh

Shops:
Orc:1 [[==

Annotations:
D:5 2 transporters, stickyfingers's ghost, weakling FoDe
D:11 1 runed translucent door, T2blue's ghost, journeyman MiFi
Lair:4 exclusion: oklob plant


Innate Abilities, Weirdness & Mutations

Your life essence is reduced to manifest your ancestor. (-10% HP)
You have very sharp teeth.
Your uncanny sense of smell can sniff out nearby items.
Your experience applies equally to all skills.


Message History

The two-headed ogre is severely wounded.
You block the two-headed ogre's attack. x2; You block the troll's attack.
The troll closely misses you. The troll barely misses you.
You slash the two-headed ogre! You burn the two-headed ogre.
The two-headed ogre is almost dead.
You block the ogre's attack.
The two-headed ogre hits you with a +0 giant club!
The two-headed ogre barely misses you. The troll bites you but does no damage.
The troll claws you!
* * * LOW HITPOINT WARNING * * *
The troll claws you.
* * * LOW HITPOINT WARNING * * *
You completely miss the two-headed ogre.
The two-headed ogre is almost dead.
You block the ogre's attack.
You strike the helpless two-headed ogre from behind!
You slash the two-headed ogre! You burn the two-headed ogre.
You kill the two-headed ogre!
The ogre barely misses you.
You catch the helpless ogre completely off-guard!
You hit the ogre. You burn the ogre.
The ogre is moderately wounded.
You hit the ogre. You burn the ogre.
The ogre is moderately wounded.
The ogre hits you with a +0 giant club.
* * * LOW HITPOINT WARNING * * *
You block the troll's attack. x2; The troll claws you but does no damage.
You slash the troll! You burn the troll. Your bite misses the troll.
The troll is heavily wounded.
You flicker for a moment.
The troll barely misses you. You block the troll's attack. x2
The ogre hits you with a +0 giant club!
* * * LOW HITPOINT WARNING * * *
Okay, then.
A red film seems to cover your vision as you go berserk!
You feel yourself moving faster!
You feel mighty! You block the troll's attack. The troll claws you.
* * * LOW HITPOINT WARNING * * *
The troll claws you but does no damage. The ogre hits you with a +0 giant club!
You die...

##.##...........#
##.<##...#.##....#
#.........###....###
###......#.###.....#.##
#.........###.........#
...........#........#####
..........##...).)...##.#
...............O))......#
.....#....∩....#@T......###
.....#.........#####......##
...####........#####.......#
....####.......#.#.#.......#
....##...........#.#.....###
...)))...................#
......................####
...........##.......### ∆ ∆
###.....######........#


You could see a troll and an ogre.

Vanquished Creatures
  A fire dragon (Lair:6)
  8 hydras
  A catoblepas (Lair:5)
  6 death yaks
  5 two-headed ogres
  A swamp dragon (Lair:6)
  A wolf spider (Lair:6)
  An orc knight (Orc:2)
  2 ugly things (D:11)
  An orb spider (Lair:3)
  2 cyclopes (D:11)
  An orc sorcerer (Orc:2)
  5 elephants
  8 black mambas
  12 cane toads
  4 rime drakes
  6 komodo dragons
  2 trolls
  11 blink frogs
  2 hornets (Lair:6)
  3 redbacks (Lair:6)
  2 dream sheep (Lair:5)
  2 shadows
  10 wyverns
  34 yaks
  3 steam dragons
  Menkaure (D:5)
  2 acid dragons (Lair:6)
  4 wargs
  A swamp worm (Lair:3)
  26 water moccasins
  8 orc warriors
  A black bear (D:6)
  A necrophage (D:6)
  7 ogres
  A wolf (Lair:6)
  7 centaurs
  2 kobold brigands (D:8)
  5 bullfrogs
  4 scorpions
  A wyvern skeleton (D:6)
  10 killer bees
  A vampire bat (D:7)
  4 howler monkeys
  A centaur zombie (D:7)
  A gnoll shaman (D:8)
  2 hounds (D:5)
  8 orc priests
  A centaur skeleton (D:6)
  Natasha (thrice) (D:2)
  7 iguanas
  9 orc wizards
  A killer bee zombie (D:7)
  A howler monkey zombie (D:7)
  9 gnolls
  A howler monkey skeleton (D:7)
  9 adders
  A shadow imp (D:7)
  A white imp (D:8)
  An ufetubus (D:4)
  2 worms
  2 dart slugs
  44 orcs
  4 ball pythons
  9 bats
  2 bat zombies (D:7)
  12 endoplasms
  4 giant cockroaches
  4 goblins
  9 hobgoblins
  4 quokkas
  5 frilled lizards
  16 kobolds
  9 rats
402 creatures vanquished.

Vanquished Creatures (collateral kills)
  A hydra (Lair:1)
  2 boulder beetles
  A death yak (Lair:2)
  A guardian serpent (Lair:6)
  A torpor snail (Lair:6)
  3 black mambas
  5 cane toads
  2 komodo dragons
  6 blink frogs
  2 dream sheep (Lair:5)
  2 redbacks (Lair:6)
  A shadow (D:10)
  8 yaks
  A wyvern (Lair:6)
  A steam dragon (Lair:6)
  A basilisk (Lair:6)
  An acid dragon (Lair:6)
  9 water moccasins
  An orc warrior (Orc:2)
  A centaur (D:11)
  A scorpion (Lair:2)
  3 jellies (Lair:5)
  An orc priest (Orc:2)
  4 iguanas
  An orc wizard (Orc:2)
  2 gnolls (Orc:1)
  2 orcs (Orc:2)
64 creatures vanquished.

Vanquished Creatures (others)
  A blink frog (Lair:5)
  16 hexers
  An ancestor (D:8)
  31 fungi
  69 plants
118 creatures vanquished.

Grand Total: 584 creatures vanquished

Notes
Turn   | Place    | Note
-------+----------+-------------------------------------------
     0 | D:1      | Anothat the Gnoll Fighter began the quest for the Orb.
     0 | D:1      | Reached XP level 1. HP: 23/23 MP: 1/1
   211 | D:1      | Reached XP level 2. HP: 24/29 MP: 2/2
   981 | D:1      | Reached XP level 3. HP: 35/35 MP: 3/3
  1085 | D:2      | Reached skill level 1 in Invocations
  1237 | D:2      | Reached skill level 1 in Short Blades
  1237 | D:2      | Reached skill level 1 in Axes
  1237 | D:2      | Reached skill level 1 in Maces & Flails
  1237 | D:2      | Reached skill level 1 in Polearms
  1237 | D:2      | Reached skill level 1 in Staves
  1237 | D:2      | Reached skill level 1 in Slings
  1237 | D:2      | Reached skill level 1 in Bows
  1237 | D:2      | Reached skill level 1 in Crossbows
  1237 | D:2      | Reached skill level 1 in Throwing
  1237 | D:2      | Reached skill level 1 in Dodging
  1237 | D:2      | Reached skill level 1 in Stealth
  1237 | D:2      | Reached skill level 1 in Unarmed Combat
  1237 | D:2      | Reached skill level 1 in Spellcasting
  1237 | D:2      | Reached skill level 1 in Evocations
  1239 | D:2      | Reached XP level 4. HP: 41/41 MP: 5/5
  1321 | D:2      | Noticed Natasha
  1331 | D:2      | Killed Natasha
  1332 | D:2      | Reached skill level 1 in Conjurations
  1332 | D:2      | Reached skill level 1 in Hexes
  1332 | D:2      | Reached skill level 1 in Summonings
  1332 | D:2      | Reached skill level 1 in Necromancy
  1332 | D:2      | Reached skill level 1 in Translocations
  1332 | D:2      | Reached skill level 1 in Transmutations
  1332 | D:2      | Reached skill level 1 in Fire Magic
  1332 | D:2      | Reached skill level 1 in Ice Magic
  1332 | D:2      | Reached skill level 1 in Air Magic
  1332 | D:2      | Reached skill level 1 in Earth Magic
  1332 | D:2      | Reached skill level 1 in Poison Magic
  1360 | D:2      | Noticed Natasha
  1370 | D:2      | Killed Natasha
  1371 | D:2      | Reached XP level 5. HP: 33/47 MP: 6/6
  2063 | D:2      | Noticed Natasha
  2071 | D:2      | Killed Natasha
  2436 | D:3      | Found a shadowy altar of Dithmenos.
  2948 | D:4      | Reached XP level 6. HP: 53/53 MP: 8/8
  3278 | D:4      | Reached skill level 5 in Long Blades
  3668 | D:5      | Entered Level 5 of the Dungeon
  3691 | D:5      | Noticed a water moccasin
  3716 | D:4      | Killed a water moccasin
  3717 | D:4      | Reached XP level 7. HP: 34/60 MP: 10/10
  4070 | D:5      | Found a transporter.
  4070 | D:5      | Noticed stickyfingers's ghost (weakling FoDe)
  4073 | D:5      | Found a transporter.
  4216 | D:5      | Noticed Menkaure
  4225 | D:5      | Killed Menkaure
  4226 | D:5      | Reached XP level 8. HP: 26/67 MP: 12/12
  5031 | D:6      | Found a hazy altar of Hepliaklqana.
  5035 | D:6      | Became a worshipper of Hepliaklqana the Forgotten
  5053 | D:6      | Found a glowing golden altar of the Shining One.
  5396 | D:7      | Reached XP level 9. HP: 72/72 MP: 14/14
  5483 | D:7      | Found a staircase to the Ecumenical Temple.
  5570 | D:7      | Found an ancient bone altar of Kikubaaqudgha.
  5738 | D:7      | Reached * piety under Hepliaklqana
  6064 | D:8      | Identified the +3 mace of Qerowne {vamp, rC+ Int+6}
  6109 | D:8      | Noticed a boulder beetle
  6148 | D:8      | Found an ornate altar of the Wu Jian Council.
  6274 | D:8      | Noticed a manticore
  6403 | D:8      | Noticed a purple ugly thing
  6620 | D:8      | Found a stormy altar of Qazlal.
  6724 | D:8      | Noticed a salamander
  6727 | D:8      | Noticed a cyclops
  6736 | D:8      | Noticed a meliai
  6736 | D:8      | Noticed a death knight
  6736 | D:8      | Noticed a queen bee
  6737 | D:8      | Noticed a manticore
  6750 | D:8      | Reached ** piety under Hepliaklqana
  6811 | D:8      | Reached skill level 5 in Invocations
  6992 | D:8      | Found a burning altar of Makhleb.
  7098 | D:8      | HP: 3/66 [something (19)]
  7202 | D:9      | Reached XP level 10. HP: 72/72 MP: 17/17
  7334 | D:9      | Found a sparkling altar of Nemelex Xobeh.
  7360 | D:9      | Found a bloodstained altar of Trog.
  7379 | D:9      | Reached skill level 5 in Short Blades
  7379 | D:9      | Reached skill level 5 in Axes
  7379 | D:9      | Reached skill level 5 in Maces & Flails
  7379 | D:9      | Reached skill level 5 in Polearms
  7379 | D:9      | Reached skill level 5 in Staves
  7379 | D:9      | Reached skill level 5 in Slings
  7379 | D:9      | Reached skill level 5 in Bows
  7379 | D:9      | Reached skill level 5 in Crossbows
  7379 | D:9      | Reached skill level 5 in Throwing
  7379 | D:9      | Reached skill level 5 in Dodging
  7379 | D:9      | Reached skill level 5 in Stealth
  7379 | D:9      | Reached skill level 5 in Unarmed Combat
  7379 | D:9      | Reached skill level 5 in Spellcasting
  7379 | D:9      | Reached skill level 5 in Evocations
  8023 | D:9      | Remembered your ancestor Centenhua as a hexer
  8100 | D:10     | Entered Level 10 of the Dungeon
  8277 | D:10     | Found an opulent altar of Gozag.
  8432 | D:10     | Found a staircase to the Lair.
  8507 | D:10     | Found a glowing silver altar of Zin.
  8740 | D:11     | Noticed a two-headed ogre
  8752 | D:11     | Killed a two-headed ogre
  8753 | D:11     | Reached XP level 11. HP: 23/78 MP: 19/19
  8847 | D:11     | Noticed a purple ugly thing
  8858 | D:11     | Killed a purple ugly thing
  8924 | Lair:1   | Entered Level 1 of the Lair of Beasts
  8924 | Lair:1   | Reached *** piety under Hepliaklqana
  8924 | Lair:1   | Noticed a six-headed hydra
  8934 | Lair:1   | Killed a two-headed hydra
  8935 | Lair:1   | Reached skill level 5 in Conjurations
  8935 | Lair:1   | Reached skill level 5 in Hexes
  8935 | Lair:1   | Reached skill level 5 in Summonings
  8935 | Lair:1   | Reached skill level 5 in Necromancy
  8935 | Lair:1   | Reached skill level 5 in Translocations
  8935 | Lair:1   | Reached skill level 5 in Transmutations
  8935 | Lair:1   | Reached skill level 5 in Fire Magic
  8935 | Lair:1   | Reached skill level 5 in Ice Magic
  8935 | Lair:1   | Reached skill level 5 in Air Magic
  8935 | Lair:1   | Reached skill level 5 in Earth Magic
  8935 | Lair:1   | Reached skill level 5 in Poison Magic
  9733 | Lair:2   | Noticed a six-headed hydra
  9741 | Lair:2   | Killed a two-headed hydra
  9791 | Lair:2   | Noticed a boulder beetle
  9810 | Lair:2   | Killed a boulder beetle
  9825 | Lair:2   | Reached **** piety under Hepliaklqana
  9868 | Lair:2   | Reached XP level 12. HP: 86/86 MP: 22/22
 10219 | Lair:2   | Noticed a death yak
 10220 | Lair:2   | Noticed a death yak
 10220 | Lair:2   | Noticed a death yak
 10221 | Lair:2   | Noticed a death yak
 10224 | Lair:2   | Noticed a death yak
 10263 | Lair:2   | Killed a death yak
 10269 | Lair:2   | Killed a death yak
 10286 | Lair:2   | Killed a death yak
 10290 | Lair:2   | Killed a death yak
 10353 | Lair:2   | Killed a death yak
 10915 | Lair:3   | Found a hole to the Spider Nest.
 11105 | Lair:3   | Reached skill level 10 in Fighting
 11105 | Lair:3   | Reached skill level 10 in Armour
 11105 | Lair:3   | Reached skill level 10 in Shields
 11177 | Lair:3   | Noticed a four-headed hydra
 11188 | Lair:3   | Killed a one-headed hydra
 11336 | Lair:3   | Identified the +7 hand crossbow of Blood {flame, Dex+4}
 11586 | Lair:3   | Noticed a four-headed hydra
 11590 | Lair:3   | Noticed a five-headed hydra
 11601 | Lair:3   | Killed a two-headed hydra
 11606 | Lair:3   | Killed a two-headed hydra
 11607 | Lair:3   | Reached XP level 13. HP: 51/92 MP: 24/24
 11651 | Lair:3   | Found a staircase to the Swamp.
 12286 | Lair:4   | Reached ***** piety under Hepliaklqana
 12886 | Lair:5   | Found a staircase to the Slime Pits.
 13930 | Lair:6   | Entered Level 6 of the Lair of Beasts
 14232 | Lair:6   | Found a glowing golden altar of the Shining One.
 14412 | Lair:6   | Paralysed by a hornet for 1 turns
 14831 | Lair:6   | Reached XP level 14. HP: 55/99 MP: 26/26
 14937 | Lair:6   | Reached skill level 10 in Long Blades
 15615 | Lair:6   | Reached skill level 10 in Invocations
 16118 | Lair:6   | Reached ****** piety under Hepliaklqana
 16169 | Lair:6   | Identified the +5 mace of Precise Incision {vorpal, +Rage
                  | Str+6 Dex+4}
 16660 | D:11     | Found a runed translucent door.
 16661 | D:11     | Noticed T2blue's ghost (journeyman MiFi)
 16910 | D:11     | HP: 2/101 [cyclops/large rock (28)]
 17013 | D:11     | Found a staircase to the Orcish Mines.
 17159 | Orc:1    | Entered Level 1 of the Orcish Mines
 17159 | Orc:1    | Found Bontotoh's Jewellery Emporium.
 17161 | Orc:1    | You fall into a shaft and drop 1 floor!
 17161 | Orc:2    | Entered Level 2 of the Orcish Mines
 17239 | Orc:1    | Bought a +4 ring of slaying for 1014 gold pieces
 17442 | Orc:1    | Found Xoiveduj's Antique Armour Emporium.
 17449 | Orc:1    | Found Ponogoh's Antique Armour Shoppe.
 17451 | Orc:1    | Bought a runed helmet for 202 gold pieces
 17494 | Orc:1    | Found Madi's Jewellery Emporium.
 17726 | Orc:1    | Slain by an ogre

Illustrated notes

Levels and vault maps discovered:
D:1:      nzn_arrival_settlement, layout_basic, minmay_split_cup_large
D:2:      layout_basic, solitary_fountain, st_stairs_7, minmay_pentomino_q4,
          uniq_natasha
D:3:      layout_loops_corners, mainiacjoe_overflow_small_starburst
D:4:      layout_loops_ring
D:5:      layout_layer_cave, gammafunk_ghost_mausoleum, moated_statue,
          uniq_menkaure
D:6:      layout_loops_ring, mainiacjoe_overflow_swirl
D:7:      layout_basic, lemuel_zombie_altar_kikubaaqudgha,
          minmay_temple_entry_mini_moons, roderic_batcave
D:8:      layout_basic, amcnicky_altar_gilded, marbit_many_paths,
          general_overflow_altar, minmay_misc_feat_four_crosses, minivault_12
D:9:      layout_loops_ring, lightli_temple_of_fire,
          nemelex_diamond_rough_becter
D:10:     layout_roguey, pdpol_temple_overflow_zin_treasury_gozag_greed,
          lair_entry_dummy
D:11:     layout_rooms, orc_0_dummy, ebering_ghost_reflecting_pool
Lair:1:   layout_hall_layers
Lair:2:   layout_chaotic_city, lemuel_fruit_fields, lemuel_fruit_fields,
          serial_bayou_shore_b
Lair:3:   layout_loops_ring, palyth_hydra_swamp_entry,
          nicolae_spider_entry_orb_guardian, serial_forest,
          infiniplex_forest_lined_2, infiniplex_forest_zigzag_2,
          infiniplex_forest_straight_3, infiniplex_forest_clump_long,
          infiniplex_forest_lined_3, infiniplex_forest_fountain,
          infiniplex_forest_lined_3_way, infiniplex_forest_lined_ring
Lair:4:   layout_gridlike, serial_bayou_shore_b, minmay_lair_oklob_chamber
Lair:5:   layout_gridlike, nicolae_slime_entry_slimehenge
Lair:6:   hangedman_lair_tendril_chambers, layout_cave_pods,
          guppyfry_lair_end_dragon, basic_altar, st_stairs_5,
          amcnicky_mini_pool_medium
Orc:1:    layout_diamond_mine, basic_altar, serial_shops, shop,
          nicolae_lakefront_shop, nicolae_shop_trees, shop,
          minmay_shop_enchanted_jewellery
Orc:2:    st_orc_open, layout_diamond_mine

Skill      XL: |  1  2  3  4  5  6  7  8  9 10 11 12 13 14 |
---------------+-------------------------------------------+-----
Invocations    | 1 2 3 4 5 6 7 8 9 10 | 10.4
Short Blades   | 1 2 3 4 5 6 7 8 9 |  9.5
Axes           | 1 2 3 4 5 6 7 8 9 |  9.5
Maces & Flails | 1 2 3 4 5 6 7 8 9 |  9.5
Polearms       | 1 2 3 4 5 6 7 8 9 |  9.5
Staves         | 1 2 3 4 5 6 7 8 9 |  9.5
Slings         | 1 2 3 4 5 6 7 8 9 |  9.5
Bows           | 1 2 3 4 5 6 7 8 9 |  9.5
Crossbows      | 1 2 3 4 5 6 7 8 9 |  9.5
Throwing       | 1 2 3 4 5 6 7 8 9 |  9.5
Dodging        | 1 2 3 4 5 6 7 8 9 |  9.5
Stealth        | 1 2 3 4 5 6 7 8 9 |  9.5
Unarmed Combat | 1 2 3 4 5 6 7 8 9 |  9.5
Spellcasting   | 1 2 3 4 5 6 7 8 9 |  9.5
Evocations     | 1 2 3 4 5 6 7 8 9 |  9.5
Conjurations   | 1 2 3 4 5 6 7 8 |  8.0
Hexes          | 1 2 3 4 5 6 7 8 |  8.0
Summonings     | 1 2 3 4 5 6 7 8 |  8.0
Necromancy     | 1 2 3 4 5 6 7 8 |  8.0
Translocations | 1 2 3 4 5 6 7 8 |  8.0
Transmutations | 1 2 3 4 5 6 7 8 |  8.0
Fire Magic     | 1 2 3 4 5 6 7 8 |  8.0
Ice Magic      | 1 2 3 4 5 6 7 8 |  8.0
Air Magic      | 1 2 3 4 5 6 7 8 |  8.0
Earth Magic    | 1 2 3 4 5 6 7 8 |  8.0
Poison Magic   | 1 2 3 4 5 6 7 8 |  8.0
Long Blades    | 5 6 7 8 9 10 | 10.5
Fighting       | 7 8 9 10 11 | 11.4
Armour         | 7 8 9 10 11 | 11.4
Shields        | 7 8 9 10 11 | 11.4

Action                   |  1- 3 |  4- 6 |  7- 9 | 10-12 | 13-15 || total
-------------------------+-------+-------+-------+-------+-------++-------
Melee: Long sword        |   106 |   229 |   565 |   618 |   653 ||  2171
       Bite              |    10 |    23 |    68 |    91 |   102 ||   294
 Fire: Hand crossbow     |       |       |       |     7 |   106 ||   113
Throw: Throwing net      |       |       |       |     2 |       ||     2
Invok: Recall Ancestor   |       |       |       |     1 |     2 ||     3
       Ancestor Life: He |       |       |       |     1 |       ||     1
Evoke: Wand              |       |     1 |     5 |    25 |    33 ||    64
  Use: Potion            |       |     1 |     3 |     1 |     6 ||    11
       Scroll            |       |       |     8 |     9 |    16 ||    33
 Stab: Paralysed         |       |       |     6 |    25 |    13 ||    44
       Confused          |       |       |       |     7 |    14 ||    21
       Distracted        |       |       |       |     4 |    15 ||    19
       Petrified         |       |       |       |       |     1 ||     1
       Invisible         |       |       |       |       |     2 ||     2
Armor: Scale mail        |    52 |    16 |       |       |       ||    68
       Chain mail        |       |   103 |    78 |       |       ||   181
       Plate armour      |       |       |   356 |   297 |   331 ||   984
Dodge: Dodged            |    22 |    64 |   174 |   164 |   236 ||   660
Block: Kite shield       |    59 |   151 |   451 |   355 |   449 ||  1465
       Rpst.: Long sword |     6 |    23 |    50 |    42 |    55 ||   176
